Cogmind - Beta 13 X1 @@@ ROGUE MODE // 2023.08.15 @ 23:51:11 Player: f3-rnm Result: Destroyed by as-27953 with Assembled Rifle Performance ------------- Evolutions (3) 1500 Regions Visited (10) 2000 Robots Destroyed (64) 320 Value Destroyed (1846) 1846 Prototype IDs (37) 740 Alien Tech Used (0) 0 Bonus (680) 680 TOTAL SCORE: 7086 Bonus ------- Follower Combat Kills 80 Aligned with FarCom 300 Met Data Miner 300 Cogmind --------- Core Integrity 0/700 Matter 275/300 Energy 70/100 System Corruption 9% Temperature Cool (0) Movement Core (100) Ox1 Location -6/Proximity Caves Parts ------- > --- POWER (1) -------- (None) > --- PROPULSION (4) --- (None) > --- UTILITY (6) ------ Small Storage Unit Transport Network Coupler Hacking Suite Hacking Suite > --- WEAPON (2) ------- (None) > --- INVENTORY (8) ---- Machine Analyzer Improved Signal Interpreter Modified TNC Missile Launcher Power Maul Peak State ------------ > --- POWER ------------ Light Nuclear Core > --- PROPULSION ------- Cesium-ion Thruster Cesium-ion Thruster Cesium-ion Thruster Cesium-ion Thruster > --- UTILITY ---------- Small Storage Unit Transport Network Coupler Propulsion Shielding Utility Shielding Hacking Suite System Shield > --- WEAPON ----------- Light Assault Rifle Light Assault Rifle > --- INVENTORY -------- Compact Wheel Machine Analyzer Improved Signal Interpreter Modified TNC Hacking Suite Gauss Cannon Missile Launcher [Rating: 29] Favorites ----------- Power Ion Engine Engine Ion Engine Power Core Light Nuclear Core Propulsion Light Treads Treads Light Treads Leg Enhanced Flexi-carbon Leg Wheel Compact Wheel Flight Unit Cesium-ion Thruster Utility Large Matter Pod Storage Large Matter Pod Processor Transport Network Coupler Hackware Hacking Suite Protection Utility Shielding Weapon Gauss Cannon Energy Gun Particle Gun Ballistic Gun Light Assault Rifle Ballistic Cannon Gauss Cannon Launcher Rocket Launcher Impact Weapon Power Maul Build | -11 -10 -10 -10 -9 -8 -7 -7 -7 -7 -6 ------- Run | Jun Mat Min Exi Min Mat Fac Low Low Dat Pro Slots Evolved 6 | . . . . . 4 2 . . . . Power . | . . . . . . . . . . . Propulsion 2 | . . . . . 2 . . . . . Utility 4 | . . . . . 2 2 . . . . Weapon . | . . . . . . . . . . . Parts Attached 57 | 6 9 3 . 1 20 12 . 3 . 3 Power 4 | 1 . . . . 2 1 . . . . Engine 3 | 1 . . . . 2 . . . . . Core 1 | . . . . . . 1 . . . . Reactor . | . . . . . . . . . . . Propulsion 16 | 2 1 2 . . 5 4 . 1 . 1 Treads 10 | 2 1 2 . . 5 . . . . . Leg 1 | . . . . . . . . . . 1 Wheel 1 | . . . . . . . . 1 . . Hover . | . . . . . . . . . . . Flight 4 | . . . . . . 4 . . . . Utility 12 | 1 2 . . . 2 5 . . . 2 Device . | . . . . . . . . . . . Storage 4 | 1 2 . . . . 1 . . . . Processor 1 | . . . . . 1 . . . . . Hackware 4 | . . . . . . 2 . . . 2 Protection 3 | . . . . . 1 2 . . . . Artifact . | . . . . . . . . . . . Weapon 25 | 2 6 1 . 1 11 2 . 2 . . Energy Gun 9 | 2 5 . . . 2 . . . . . Energy Cannon . | . . . . . . . . . . . Ballistic Gun 4 | . . . . . 2 2 . . . . Ballistic Cannon 6 | . . . . 1 5 . . . . . Launcher 4 | . 1 1 . . 2 . . . . . Special Weapon . | . . . . . . . . . . . Impact Weapon 2 | . . . . . . . . 2 . . Slashing Weapon . | . . . . . . . . . . . Piercing Weapon . | . . . . . . . . . . . Special Melee Weapon . | . . . . . . . . . . . Unidentified Prototypes 2 | . . . . . 1 . . . . 1 Parts Lost 29 | . 2 2 . . 12 1 2 6 . 4 Power 4 | . . . . . 3 . . 1 . . Propulsion 14 | . . 2 . . 6 . . 4 . 2 Utility 6 | . . . . . 1 1 2 . . 2 Weapon 5 | . 2 . . . 2 . . 1 . . Highest Loss Streak 5 | . 1 1 . . 3 1 2 5 . 2 To Critical Strikes . | . . . . . . . . . . . Average Slot Usage (%) 86 | . 94 99 100 100 80 89 98 51 46 29 Engine 9 | . 14 14 14 14 8 . . . . . Treads 21 | . 27 27 28 28 20 . . . . . Flight 2 | . . . . . . 27 30 6 . . Storage 21 | . 27 28 28 28 17 7 7 7 7 7 Processor 3 | . . . . . 7 7 7 7 7 7 Hackware 1 | . . . . . . 6 14 7 7 3 Protection 4 | . . . . . 8 16 14 7 7 1 Energy Gun 9 | . 22 14 14 4 . 1 . . . . Ballistic Gun 1 | . . . . . 1 11 15 2 . . Ballistic Cannon 5 | . . . . 9 14 1 . . . . Launcher 4 | . 1 14 14 14 1 . . . . . Naked Turns . | . . . . . . . . . . . Heaviest Build 63 | 14 54 55 55 56 63 51 14 13 9 9 Greatest Support 80 | 40 40 40 40 40 80 20 20 20 16 28 Greatest Overweight (x) 3 | 3 2 1 1 1 3 3 . 1 . 2 Average Overweight (x) . | . . 1 1 1 . . . . . . Largest Inventory Capacity 20 | 8 20 20 20 20 20 20 8 8 8 8 Average Capacity 17 | 7 17 20 20 20 20 10 8 8 8 8 Most Carried 20 | 3 19 19 20 20 20 20 8 8 6 8 Average Carried 14 | 2 11 18 18 19 18 10 8 6 6 6 Final Capacity 20 | 8 20 20 20 20 20 8 8 8 8 8 Final Carried 20 | 3 18 18 19 20 20 8 8 6 6 5 Class Distribution -------------------- 92% | Mutant 3% | Scavenger-Sprinter Dominant Class ---------------- Mutant | -10/Materials Mutant | -10/Mines Mutant | -10/Exiles Mutant | -9/Mines Mutant | -8/Materials Scavenger-Sprinter | -7/Factory Hacker-Sprinter | -7/Lower Caves Mutant | -7/Lower Caves Mutant | -7/Data Miner Mutant | -6/Proximity Caves Resources | -11 -10 -10 -10 -9 -8 -7 -7 -7 -7 -6 ----------- Run | Jun Mat Min Exi Min Mat Fac Low Low Dat Pro Matter Collected 1791 | . 458 137 . 10 753 183 53 122 . 75 Remotely . | . . . . . . . . . . . Salvage Created 1590 | . 582 152 . . 746 11 . 63 . 36 Parts 94 | . 25 11 . . 54 3 . 1 . . Haulers Intercepted 5 | . 2 . . . 3 . . . . . Recyclers Shooed . | . . . . . . . . . . . Parts Field Recycled . | . . . . . . . . . . . Retrieved Matter . | . . . . . . . . . . . Parts Self-Destructed 5 | . . . . . . . . . . 5 Prevented 4 | . . . . . . . . 1 . 3 Kills | -11 -10 -10 -10 -9 -8 -7 -7 -7 -7 -6 ------- Run | Jun Mat Min Exi Min Mat Fac Low Low Dat Pro Combat Hostiles Destroyed 44 | . 9 10 . . 23 . . 2 . . Melee 1 | . . . . . . . . 1 . . Guns 12 | . 6 1 . . 5 . . . . . Cannons 13 | . . . . . 13 . . . . . AOE 15 | . 1 9 . . 5 . . . . . Classes Destroyed 14 | . 4 2 . . 6 . . 1 . 1 Worker 1 | . . . . . 1 . . . . . Builder 5 | . . . . . 5 . . . . . Tunneler 1 | . . 1 . . . . . . . . Hauler 5 | . 2 . . . 3 . . . . . Recycler 2 | . . . . . 2 . . . . . Mechanic 1 | . . . . . 1 . . . . . Operator 2 | . 1 . . . . 1 . . . . Watcher 3 | . 1 . . . 2 . . . . . Swarmer 12 | . . 6 . . 6 . . . . . Grunt 25 | . 9 4 . . 12 . . . . . Brawler 1 | . . . . . 1 . . . . . Sentry 4 | . . . . . 4 . . . . . Programmer 2 | . . . . . . . . 2 . . Samaritan 1 | . . . . . . . . . . 1 Best Kill Streak 6 | . 4 3 . . 6 1 . 1 . . Combat Bots Only 4 | . 4 3 . . 4 . . 1 . . Max Kills in Single Turn 3 | . 1 3 . . 3 1 . 1 . 1 Gunslinging . | . . . . . . . . . . . Exploded 3 | . 1 3 . . 2 . . . . . Melee 1 | . . . . . . . . 1 . . Uniques/NPCs Destroyed . | . . . . . . . . . . . Combat | -11 -10 -10 -10 -9 -8 -7 -7 -7 -7 -6 -------- Run | Jun Mat Min Exi Min Mat Fac Low Low Dat Pro Damage Taken 4146 | . 446 138 . . 2031 186 69 446 . 830 Core 1130 | . 26 51 . . 344 29 6 148 . 526 Absorbed by Shields . | . . . . . . . . . . . Redirected to Shielding 101 | . . . . . 44 4 8 37 . 8 Core Remaining (%) 68 | 100 . . . 69 37 . . . . . Volleys Fired 186 | . 47 10 . . 102 10 . 17 . . Largest 2 | . 2 2 . . 2 2 . 2 . . Hottest 115 | . 115 98 . . 113 40 . 40 . . Shots Fired 358 | . 90 19 . . 203 20 . 26 . . Gun 183 | . 90 9 . . 38 20 . 26 . . Cannon 151 | . . . . . 151 . . . . . Launcher 24 | . . 10 . . 14 . . . . . Special . | . . . . . . . . . . . Kinetic 231 | . . . . . 185 20 . 26 . . Thermal 32 | . 19 9 . . 4 . . . . . Explosive 24 | . . 10 . . 14 . . . . . Electromagnetic 71 | . 71 . . . . . . . . . Robot Hit Streak 12 | . 10 2 . . 12 6 . 3 . . Robot Miss Streak 9 | . 5 3 . . 9 5 . 3 . . Penetration Max . | . . . . . . . . . . . Secondary Targets 1 | . . . . . 1 . . . . . Max Gunslinging Chain 1 | . . . . . 1 . . . . . Shots Hit Robots 211 | . 55 5 . . 115 11 . 23 . 2 Core Hits 101 | . 19 13 . . 59 7 . 3 . . Critical Kills . | . . . . . . . . . . . Critical Parts Destroyed 3 | . . . . . . . . 3 . . Critical Strikes 15 | . 4 . . . 8 . . 3 . . Burn 1 | . 1 . . . . . . . . . Blast 8 | . . . . . 8 . . . . . Corrupt 3 | . 3 . . . . . . . . . Smash 3 | . . . . . . . . 3 . . Melee Attacks 11 | . . . . . . . . 9 . 2 Impact 11 | . . . . . . . . 9 . 2 Slashing . | . . . . . . . . . . . Piercing . | . . . . . . . . . . . Sneak Attacks 1 | . . . . . . . . . . 1 Combat Hostiles . | . . . . . . . . . . . Follow-up Attacks . | . . . . . . . . . . . Damage Inflicted 5964 | . 842 797 . . 3557 85 . 540 . 143 Guns 1299 | . 780 65 . . 222 85 . 147 . . Cannons 2285 | . . . . . 2285 . . . . . Explosions 1794 | . 34 716 . . 1044 . . . . . Melee 536 | . . . . . . . . 393 . 143 Ramming 50 | . 28 16 . . 6 . . . . . Kinetic 2721 | . . . . . 2489 85 . 147 . . Thermal 256 | . 155 65 . . 36 . . . . . Explosive 1742 | . . 716 . . 1026 . . . . . Electromagnetic 659 | . 659 . . . . . . . . . Impact 536 | . . . . . . . . 393 . 143 Slashing . | . . . . . . . . . . . Piercing . | . . . . . . . . . . . Highest Corruption 9 | . . . . . . 1 1 7 7 9 Average Corruption 4 | . . . . . . 1 1 5 7 7 Corruption Purged . | . . . . . . . . . . . Corruption Blocked . | . . . . . . . . . . . Effects 19 | . . . . . . 3 1 7 3 5 Message Errors 7 | . . . . . . 2 . 2 2 1 Matter Fused 3 | . . . . . . . . 2 . 1 Heat Flow Errors 3 | . . . . . . 1 1 . . 1 Energy Discharges 2 | . . . . . . . . 1 . 1 Parts Rejected 1 | . . . . . . . . 1 . . Data Loss (minor) 2 | . . . . . . . . 1 1 . Data Loss (major) 1 | . . . . . . . . . . 1 Overload Shots . | . . . . . . . . . . . Overflow Damage 429 | . . 40 . . 81 . . 194 . 114 Projectiles 67 | . . . . . 67 . . . . . Explosions 54 | . . 40 . . 14 . . . . . Melee 308 | . . . . . . . . 194 . 114 Knockbacks 25 | . . . . . 22 . . 2 . 1 Impact 3 | . . . . . . . . 2 . 1 Kinetic 21 | . . . . . 21 . . . . . Secondary 1 | . . . . . 1 . . . . . Self-Inflicted Damage 172 | . 36 32 . . 104 . . . . . Shots 6 | . 1 1 . . 4 . . . . . Rammed 7 | . 5 1 . . 1 . . . . . Targets Rammed 7 | . 5 1 . . 1 . . . . . Kicked . | . . . . . . . . . . . Crushed . | . . . . . . . . . . . Highest Temperature 367 | . 367 86 . . 301 144 141 5 . 117 Average Temperature 69 | . 77 37 . . 69 75 67 3 . 67 Received Heat Transfer 1466 | . 249 30 . . 900 126 27 . . 134 Effects 5 | . 3 . . . 2 . . . . . Shutdowns 1 | . 1 . . . . . . . . . Energy Bleed 2 | . . . . . 2 . . . . . Damage (minor) 2 | . 2 . . . . . . . . . Siege Activations . | . . . . . . . . . . . Robots Corrupted 3 | . 3 . . . . . . . . . Combat Hostiles 1 | . 1 . . . . . . . . . Parts Fried 11 | . 10 . . . . . . . . 1 Impact Corruptions 16 | . . . . . . . . 10 . 6 Robots Melted 1 | . 1 . . . . . . . . . Combat Hostiles 1 | . 1 . . . . . . . . . Parts Melted . | . . . . . . . . . . . Heat Transferred 692 | . 457 148 . . 87 . . . . . Parts Sabotaged . | . . . . . . . . . . . Parts Stolen . | . . . . . . . . . . . Parts Stripped . | . . . . . . . . . . . Power Chain Reactions 1 | . 1 . . . . . . . . . Missiles Intercepted . | . . . . . . . . . . . Alert | -11 -10 -10 -10 -9 -8 -7 -7 -7 -7 -6 ------- Run | Jun Mat Min Exi Min Mat Fac Low Low Dat Pro Peak Influence 351 | . 180 269 . . 351 292 . . . . Initial 138 | . . . . . . 138 . . . . Average 142 | . 39 86 . . 251 157 . . . . Maximum Alert Level 1 | . . 1 . . 1 1 . . . . Low Security (%) 64 | 100 100 99 . 100 15 88 . . . . Level 1 35 | . . . . . 84 11 . . . . Level 2 . | . . . . . . . . . . . Level 3 . | . . . . . . . . . . . Level 4 . | . . . . . . . . . . . Level 5 . | . . . . . . . . . . . High Security . | . . . . . . . . . . . Max Security . | . . . . . . . . . . . Squads Dispatched 8 | . 2 . . . 1 5 . . . . Investigation 4 | . . . . . 1 3 . . . . Extermination . | . . . . . . . . . . . Reinforcement 4 | . 2 . . . . 2 . . . . Assault . | . . . . . . . . . . . Garrison . | . . . . . . . . . . . Intercept . | . . . . . . . . . . . Searches Triggered . | . . . . . . . . . . . Construction Impeded . | . . . . . . . . . . . Haulers Reinforced . | . . . . . . . . . . . Active Scanning Responses . | . . . . . . . . . . . Cargo Convoy Interrupts . | . . . . . . . . . . . Stealth | -11 -10 -10 -10 -9 -8 -7 -7 -7 -7 -6 --------- Run | Jun Mat Min Exi Min Mat Fac Low Low Dat Pro Distress Signals 6 | . 3 . . . 2 1 . . . . Communications Jammed . | . . . . . . . . . . . Distress Signals . | . . . . . . . . . . . Times Spotted 112 | . 24 9 . . 40 15 4 2 . 18 Peak Tracking Total 13 | . 3 3 . . 6 10 4 1 . 13 Tactical Retreats 8 | . 1 . . . 3 2 . . . 2 Traps | -11 -10 -10 -10 -9 -8 -7 -7 -7 -7 -6 ------- Run | Jun Mat Min Exi Min Mat Fac Low Low Dat Pro Traps Triggered 2 | . 1 . . . . 1 . . . . Indirectly . | . . . . . . . . . . . Trap Hack Attempts . | . . . . . . . . . . . Triggered . | . . . . . . . . . . . Disarmed . | . . . . . . . . . . . Reprogrammed . | . . . . . . . . . . . Reused . | . . . . . . . . . . . Traps Extracted . | . . . . . . . . . . . Installed . | . . . . . . . . . . . Triggered 2 | . 1 . . . . . . . . 1 Machines | -11 -10 -10 -10 -9 -8 -7 -7 -7 -7 -6 ---------- Run | Jun Mat Min Exi Min Mat Fac Low Low Dat Pro Machines Disabled 15 | . 1 6 . . 8 . . . . . Max in Single Turn 2 | . 1 2 . . 2 . . . . . Garrison Access 1 | . . . . . 1 . . . . . Machines Repaired . | . . . . . . . . . . . Machines Sabotaged . | . . . . . . . . . . . Overloaded Fab Kills . | . . . . . . . . . . . Hacking | -11 -10 -10 -10 -9 -8 -7 -7 -7 -7 -6 --------- Run | Jun Mat Min Exi Min Mat Fac Low Low Dat Pro Machines Accessed 24 | . 8 . 1 . 5 6 . . 4 . Terminals 14 | . 6 . . . 4 4 . . . . Fabricators 1 | . . . . . . 1 . . . . Repair Stations . | . . . . . . . . . . . Recycling Units 3 | . 2 . . . . 1 . . . . Scanalyzers . | . . . . . . . . . . . Garrison Access 1 | . . . . . 1 . . . . . Total Hacks 79 | . 16 . 1 . 14 18 . . 30 . Successful 54 | . 7 . 1 . 7 9 . . 30 . Failed 24 | . 9 . . . 6 9 . . . . Catastrophic 3 | . 2 . . . . 1 . . . . Database Lockouts 1 | . . . . . 1 . . . . . Manual 32 | . 5 . 1 . 12 14 . . . . Terminals 39 | . 11 . . . 12 16 . . . . Fabricators 1 | . . . . . . 1 . . . . Repair Stations . | . . . . . . . . . . . Recycling Units 6 | . 5 . . . . 1 . . . . Scanalyzers . | . . . . . . . . . . . Garrison Access 2 | . . . . . 2 . . . . . Terminal Hacks 45 | . 5 . 1 . 3 6 . . 30 . Record 12 | . . . . . 1 . . . 11 . Part Schematic 10 | . . . . . . 1 . . 9 . Robot Schematic 7 | . . . . . . . . . 7 . Robot Analysis 2 | . 1 . . . 1 . . . . . Prototype ID Bank 3 | . . . . . . . . . 3 . Branch Access Points 1 | . 1 . . . . . . . . . Terminal Index 1 | . . . . . . 1 . . . . Alert Level 4 | . 2 . . . 1 1 . . . . Patrol Status 2 | . . . . . . 2 . . . . Transport Status 1 | . 1 . . . . . . . . . Recall Reinforcements 1 | . . . . . . 1 . . . . Derelict Proto ID Bank 1 | . . . 1 . . . . . . . Fabricator Hacks . | . . . . . . . . . . . Repair Station Hacks . | . . . . . . . . . . . Recycling Unit Hacks 3 | . 2 . . . . 1 . . . . Retrieve Components 3 | . 2 . . . . 1 . . . . Scanalyzer . | . . . . . . . . . . . Garrison Access Hacks 1 | . . . . . 1 . . . . . Seal Access 1 | . . . . . 1 . . . . . Unauthorized Hacks 5 | . . . . . 3 2 . . . . Terminals 5 | . . . . . 3 2 . . . . Track 2 | . . . . . 2 . . . . . Assimilate 1 | . . . . . . 1 . . . . Operators 2 | . . . . . 1 1 . . . . Fabricators . | . . . . . . . . . . . Repair Stations . | . . . . . . . . . . . Recycling Units . | . . . . . . . . . . . Scanalyzers . | . . . . . . . . . . . Garrison Access . | . . . . . . . . . . . Data Cores Recovered . | . . . . . . . . . . . Used . | . . . . . . . . . . . Hacking Detections 12 | . 6 . . . 2 4 . . . . Full Trace Events 7 | . 3 . . . 1 3 . . . . Feedback Events . | . . . . . . . . . . . Feedback Blocked . | . . . . . . . . . . . Robot Schematics Acquired 7 | . . . . . . . . . 7 . Robots Built . | . . . . . . . . . . . Authchips . | . . . . . . . . . . . Time . | . . . . . . . . . . . Total Robot Build Rating . | . . . . . . . . . . . Part Schematics Acquired 10 | . . . . . . 1 . . 9 . Parts Built . | . . . . . . . . . . . Authchips . | . . . . . . . . . . . Time . | . . . . . . . . . . . Total Part Build Rating . | . . . . . . . . . . . Parts Repaired . | . . . . . . . . . . . Time . | . . . . . . . . . . . Parts Recycled . | . . . . . . . . . . . Recycled Matter . | . . . . . . . . . . . Retrieved Matter . | . . . . . . . . . . . Retrieved Components 15 | . 13 . . . . 2 . . . . Parts Scanalyzed . | . . . . . . . . . . . Part Schematics Acquired . | . . . . . . . . . . . Parts Damaged . | . . . . . . . . . . . Bothacking | -11 -10 -10 -10 -9 -8 -7 -7 -7 -7 -6 ------------ Run | Jun Mat Min Exi Min Mat Fac Low Low Dat Pro Used RIF Installer . | . . . . . . . . . . . Robots Hacked . | . . . . . . . . . . . Non-combat . | . . . . . . . . . . . Combat . | . . . . . . . . . . . Robot Hacks Applied . | . . . . . . . . . . . Relay Couplers Released . | . . . . . . . . . . . Fabnet Peak Effective % . | . . . . . . . . . . . Robots Rewired . | . . . . . . . . . . . Allies Hacked . | . . . . . . . . . . . Hacks Repelled . | . . . . . . . . . . . Allies | -11 -10 -10 -10 -9 -8 -7 -7 -7 -7 -6 -------- Run | Jun Mat Min Exi Min Mat Fac Low Low Dat Pro Total Allies 1 | . . . . . . . . . . 1 Largest Group 1 | . . . . . . . . . . 1 Highest-Rated Group 96 | . . . . . . . . . . 96 Highest-Rated Ally 96 | . . . . . . . . . . 96 Total Orders . | . . . . . . . . . . . Ally Attacks 21 | . . . . . . . . . . 21 Total Damage 630 | . . . . . . . . . . 630 Kills 4 | . . . . . . . . . . 4 Allies Corrupted . | . . . . . . . . . . . Allies Melted . | . . . . . . . . . . . Intel | -11 -10 -10 -10 -9 -8 -7 -7 -7 -7 -6 ------- Run | Jun Mat Min Exi Min Mat Fac Low Low Dat Pro Robot Analysis Total 2 | . 1 . . . 1 . . . . . Derelict Logs Recovered 3 | . . 1 . . . . 1 1 . . Drone Launches . | . . . . . . . . . . . Drone Recoveries . | . . . . . . . . . . . Exploration | -11 -10 -10 -10 -9 -8 -7 -7 -7 -7 -6 ------------- Run | Jun Mat Min Exi Min Mat Fac Low Low Dat Pro Turns Passed 7600 | 73 1896 1314 558 34 2564 491 98 244 112 216 Spaces Moved 3859 | 41 777 533 230 14 822 613 374 188 113 154 Core 60 | 14 . . . . . . . . . 46 Treads 2408 | 27 777 533 230 14 822 5 . . . . Legs 62 | . . . . . . . . . . 62 Wheels 321 | . . . . . . . . 162 113 46 Hover . | . . . . . . . . . . . Flight 1008 | . . . . . . 608 374 26 . . Fastest Speed 26 | 50 160 240 240 240 160 26 26 26 100 100 Average Speed 165 | 144 218 240 240 240 237 40 26 93 100 120 Slowest Speed 400 | 200 320 240 240 240 400 320 26 115 100 150 Overloaded Moves . | . . . . . . . . . . . Propulsion Burnouts . | . . . . . . . . . . . Robots Hopped 7 | . . . . . . 7 . . . . Cave-ins Triggered . | . . . . . . . . . . . Exploration Rate (%) 47 | 4 95 99 61 11 55 15 44 35 68 37 Regions Visited 10 Branch Regions 7 Pre-discovered Areas 1 | . . . . . . . . . 1 . Known Exits Taken 2 | . 1 . . . . . 1 . . . Unknown Exits Taken 8 | 1 . 1 1 1 1 1 . 1 1 . Scrap Searched 5 | . . 1 . 2 . . 2 . . . Spaces Dug 3 | . . . . . 3 . . . . . Terrain Destroyed 273 | . 4 73 . . 196 . . . . . Melee . | . . . . . . . . . . . Projectile 72 | . . . . . 72 . . . . . AOE 201 | . 4 73 . . 124 . . . . . Terrain Rammed . | . . . . . . . . . . . Walls Destroyed . | . . . . . . . . . . . Machines Disabled . | . . . . . . . . . . . Actions | -11 -10 -10 -10 -9 -8 -7 -7 -7 -7 -6 --------- Run | Jun Mat Min Exi Min Mat Fac Low Low Dat Pro Total 4692 | 55 877 548 237 15 1240 837 374 217 112 180 Wait 500 | . 20 . 5 . 261 194 1 . . 19 Move 3835 | 40 776 532 229 13 821 598 373 187 112 154 Hop 7 | . . . . . . 7 . . . . Pick Up 64 | 9 20 2 2 1 21 8 . . . 1 Fast Attach 7 | . . . . . 4 3 . . . . Attach 39 | 6 5 2 . . 11 9 . 3 . 3 Detach 2 | . . . . . . . . 1 . 1 Swap 11 | . 4 1 . 1 5 . . . . . Drop 23 | . . . 1 . 14 8 . . . . Fire 186 | . 47 10 . . 102 10 . 17 . . Melee 11 | . . . . . . . . 9 . 2 Ram . | . . . . . . . . . . . Kick . | . . . . . . . . . . . Crush 7 | . 5 1 . . 1 . . . . . Escape Stasis . | . . . . . . . . . . . Rewire . | . . . . . . . . . . . Trap . | . . . . . . . . . . . Miscellaneous . | . . . . . . . . . . . Route ------- -11/Junkyard -10/Materials (discovered 5 exits: [*Mat x3] / *Min x2) -10/Mines (discovered 4 exits: [*Mat x2] / *Exi / [*Sub]) -10/Exiles -9/Mines -8/Materials (discovered 2 exits: *Fac x2) -7/Factory -7/Lower Caves -7/Lower Caves -7/Data Miner -6/Proximity Caves History --------- Turn | Location | Event 32 | -11/Junkyard | Discovered new exit (range 16) 74 | -11/Junkyard | Entered Materials 253 | -10/Materials | Discovered new exit (range 16) 292 | -10/Materials | Identified exit to Mines 301 | -10/Materials | Build established: Mutant 581 | -10/Materials | Discovered new exit (range 8) 1140 | -10/Materials | Discovered new exit (range 11) 1574 | -10/Materials | Discovered new exit (range 8) 1970 | -10/Materials | Entered Mines 1977 | -10/Mines | Received a Rocket Launcher from a helpful Derelict 2039 | -10/Mines | Learned Materials stockpile data 2116 | -10/Mines | Discovered new exit (range 11) 2704 | -10/Mines | Discovered new exit (range 10) 3006 | -10/Mines | Discovered new exit (range 10) 3272 | -10/Mines | Deemed a non-threat by the Exiles lab entrance 3275 | -10/Mines | Discovered new exit (range 5) 3284 | -10/Mines | Entered Exiles 3340 | -10/Exiles | Met 8R-AWN 3385 | -10/Exiles | Met EX-HEX 3457 | -10/Exiles | Met EX-BIN 3496 | -10/Exiles | Aligned with FarCom system 3498 | -10/Exiles | Given EX-Vault access code 3558 | -10/Exiles | Opened EX-Vault 3572 | -10/Exiles | Found Field Lobotomy Kit 3581 | -10/Exiles | Found Modified TNC 3666 | -10/Exiles | Warned to stay clear of 0b10 Research branches 3729 | -10/Exiles | Met EX-DEC 3818 | -10/Exiles | Discovered new exit (range 10) 3842 | -10/Exiles | Left Exiles lab with Modified TNC 3842 | -10/Exiles | Entered Mines 3850 | -9/Mines | Discovered new exit (range 4) 3876 | -9/Mines | Entered Materials 3876 | -8/Materials | Evolved 4 slots: Propulsion x2, Utility x2 3986 | -8/Materials | Lost 3 parts (1p2w) 4387 | -8/Materials | Discovered new exit (range 10) 4939 | -8/Materials | Core integrity fell below 50% 5358 | -8/Materials | Central database locked down 6310 | -8/Materials | Lost 3 parts (1p1n1u) 6378 | -8/Materials | Discovered new exit (range 3) 6440 | -8/Materials | Entered Factory 6440 | -7/Factory | Evolved 2 slots: Utility x2 6901 | -7/Factory | Discovered new exit (range 11) 6931 | -7/Factory | Entered Lower Caves 6987 | -7/Lower Caves | Identified exit to Lower Caves 7028 | -7/Lower Caves | Attracted the attention of an 0b10 checkpoint 7029 | -7/Lower Caves | Entered another Lower Caves area 7107 | -7/Lower Caves | Lost 5 parts (1p3n1w) 7262 | -7/Lower Caves | Learned 4 Factory zone layouts 7269 | -7/Lower Caves | Discovered new exit (range 4) 7273 | -7/Lower Caves | Entered Data Miner 7273 | -7/Data Miner | Discovered new exit (range 6) 7292 | -7/Data Miner | Met Data Miner 7317 | -7/Data Miner | Learned location of Section 7 (-2) 7317 | -7/Data Miner | Acquired the access code to Warlord's prototype stash 7332 | -7/Data Miner | Received God Mode back door access code from Data Miner 7385 | -7/Data Miner | Entered Proximity Caves 7425 | -6/Proximity Caves | Escorted by Enhanced Grunt 7494 | -6/Proximity Caves | Spotted B-75 Beast 7520 | -6/Proximity Caves | Core integrity fell below 50% 7537 | -6/Proximity Caves | Core integrity fell below 20% 7601 | -6/Proximity Caves | Destroyed by as-27953 with Assembled Rifle Last Messages --------------- 07495_ Critical hit (Blast). 07515_ Enhanced Grunt destroyed. 07517_ Acquired 35 matter. 07519_ Acquired Prototype Leg. 07519_ Knocked back. 07520_ Identified Enh. Flexi-carbon Leg. 07521_ Acquired 10 matter. 07522_ System corrupted: Energy discharge (-23). 07522_ Knocked back. 07530_ G-67 Veteran misfires. 07531_ Knocked back. 07533_ G-67 Veteran IFF system glitched. 07543_ System corrupted: Heat flow error (+150). 07567_ ZZM/O2ME2MIKV8KLAG%ZQR1KUT,YI 07588_ System corrupted: Matter fused (-10). 07589_ PUBLIC SERVICE ANNOUNCEMENT: Infestation detected. Be careful out there. 07595_ Enh. Flexi-carbon Leg destroyed. 07595_ System corrupted by crushing effect (+2). 07595_ Knocked back. Map ----- +----------------------------------------------------+ | ?#####???????????????????????????????????????????? | | ## ##??????????????????????????????????????????? | | ## #???##?????????????????????????????????????? | | # ##?? ?????????????????????????????????????? | | ##? ?????????????????????????????????????? | | ## #?????????????????????????????????????? | | # ?????????????????????????????????????? | | # ?????????????????????????????????????? | | # ## ## #######+ ????????????????????????????? | | ## #???# #""""# ????????????????????????????? | | ?# #???# #" " # ????"#??????????????????????? | | ## #???# # T "# ##?? ! ??????????????????????? | | # #???# # """#? "#?? ??????????????????? | | ##### # "#? ??????????????????? | | # """ # ? ???????????????????? | | # """" !/ ??+ ?????????????????? | | # # """ / ?? ?????????????????? | | # # """ #?? ??????????????????? | | ## # # #? #???????????????????? | | ?#### ## # """# " #???????????????????? | | ????# ## #"" #### " #???????????????????? | | ????# ## # # ""#? #???????????????????? | | ????# ## #[ [ # "# #???????????????????? | | ???? #######//####### #???????????????????? | | ???? a a # !%! ????????? | | ??? a a@ ????????? | | ???# ### #########???????????????? | | ???# ##?# #??????????????????????? | | ???###### #???## #??????????????????????? | | ????????# ###?????## #??????????????????????? | | ????????# #?????????####??????????????????????? | | ???????# ????????????????????????????????????? | | ??????? ?????????????????????????????????????? | | ???????? ??????????????????????????????????????? | | ???????? ???????????????????????????????????????? | | ?????????????????????????????????????????????????? | | ?????????????????????????????????????????????????? | | ?????????????????????????????????????????????????? | | ?????????????????????????????????????????????????? | | ?????????????????????????????????????????????????? | | ?????????????????????????????????????????????????? | | ?????????????????????????????????????????????????? | | ?????????????????????????????????????????????????? | | ?????????????????????????????????????????????????? | | ?????????????????????????????????????????????????? | | ?????????????????????????????????????????????????? | | ?????????????????????????????????????????????????? | | ?????????????????????????????????????????????????? | | ?????????????????????????????????????????????????? | | ?????????????????????????????????????????????????? | +----------------------------------------------------+ Best States ------------- Heat Dissipation 34 Energy Generation 14 Energy Capacity 250 Matter Stores 450 Matter Capacity 450 Sight Range 16 Terrain Scan Density 10 Armor Coverage 150 Propulsion Shielding 33 Utility Shielding 33 Evasion (%) 64 Recoil Reduction 4 Offensive Hacking 10 Defensive Hacking 10 Item Schematics ----------------- Imp. VTOL Module | -7/Factory | Hacked Combat Drone Bay | -7/Data Miner | Free Lgt. Regenerative Plating | -7/Data Miner | Free Cld. Aerolev Unit | -7/Data Miner | Free Exp. Power Shielding | -7/Data Miner | Free Nuclear Pulse Array | -7/Data Miner | Free Adv. Field Recycling Unit | -7/Data Miner | Free Imp. Heavy Machine Gun | -7/Data Miner | Free Wave Gun | -7/Data Miner | Free Imp. Particle Charger | -7/Data Miner | Free Robot Schematics ------------------ W-25 Informer | -7/Data Miner | Free P-60 Hacker | -7/Data Miner | Free M-14 Sweeper | -7/Data Miner | Free B-48 Gladiator | -7/Data Miner | Free H-66 Slayer | -7/Data Miner | Free L-41 Fighter | -7/Data Miner | Free G-50 Soldier | -7/Data Miner | Free Fabricated ------------ Nothing Alien Tech Used ----------------- None Achievements -------------- Party Time root@ Challenges ------------ None Game ------ Seed HybridMappingMount Manual? 0 Play Time 00:41:20 Cumulative 62.8 hours Start 2023.08.15 @ 23:02:32 End 2023.08.15 @ 23:51:11 Sessions 1 Manual Loads 0 Difficulty Rogue Special Mode None Game No. 55 Rogue 19 Adventurer 36 Explorer 0 Win Type - Total 6 Types 1/0/5/0/0/0/0/0/0 Lore% 43 Gallery% 64 Achievement% 54 Wizard Run 0 Options --------- ASCII 0 Keyboard 0 Movement Mouse Keybinds 0 Fullscreen 1 Font 18/SmallcapsGlow Map View 76x50 Tactical HUD 1 Map Filters NONE Filters NONE Steam 1 RUN: 4b37b84b-6362-4eec-8fca-90b3faaefb4b